 Dungeon Crawl Stone Soup version 0.29.1-13-g9f3cf754e1 (webtiles) character file.

Game seed: 17828288661630046344

1597 Thatpatchoflichen the Trooper (level 8, -9/64 HPs)
             Began as a Demonspawn Hunter on Feb 1, 2023.
             Was a Follower of Okawaru.
             Mangled by Joseph
             ... wielding a +0 quarterstaff
              (13 damage)
             ... on level 7 of the Dungeon.
             The game lasted 00:20:21 (7704 turns).

Thatpatchoflichen the Trooper (Demonspawn Hunter)   Turns: 7704, Time: 00:20:21

Health: -9/64      AC:  8    Str:  9    XL:     8   Next: 62%
Magic:  0/11       EV: 11    Int: 11    God:    Okawaru [*.....]
Gold:   402        SH:  0    Dex: 23    Spells: 7/7 levels left

rFire   . . .      SeeInvis .   a - +0 shortbow
rCold   . . .      Faith    .   (shield currently unavailable)
rNeg    . . .      Spirit   +   B - +0 scale mail
rPois   .          Reflect  .   (helmet restricted)
rElec   .          Harm     .   (no cloak)
rCorr   .          Rampage  .   (no gloves)
Will    .....                   k - +1 pair of boots of Wonder {Str-2 Dex+4 Stlth+}
Stlth   ++........              y - amulet of guardian spirit
HPRegen 0.20/turn               (no ring)
MPRegen 0.12/turn               (no ring)

@: no status effects
A: hooves 1, horns 2, foul stench 1, powered by death 2, demonic touch 1
a: Renounce Religion, Heroism


You were on level 7 of the Dungeon.
You worshipped Okawaru.
Okawaru was aware of your devotion.
You visited 2 branches of the dungeon, and saw 8 of its levels.

You collected 402 gold pieces.

Inventory:

Hand Weapons
 a - a +0 shortbow (weapon)
Missiles
 c - 6 poisoned darts
 o - 8 boomerangs
Armour
 e - a +0 chain mail
 k - the +1 pair of boots of Wonder (worn) {Str-2 Dex+4 Stlth+}
   (You found it on level 3 of the Dungeon)

   Str:       It affects your strength (-2).
   Dex:       It affects your dexterity (+4).
   Stlth:     It makes you more stealthy.
 B - a +0 scale mail (worn)
Jewellery
 y - an amulet of guardian spirit (around neck)
Wands
 q - a wand of flame (25)
Scrolls
 b - 3 scrolls of immolation
 f - a scroll of silence {unknown}
 i - 2 scrolls of teleportation {unknown}
 j - a scroll of vulnerability {unknown}
 l - a scroll of brand weapon {unknown}
 m - 2 scrolls of enchant armour {unknown}
 p - a scroll of summoning {unknown}
 s - 3 scrolls of identify {unknown}
 t - a scroll of noise {unknown}
 w - a scroll of enchant weapon {unknown}
Potions
 d - a potion of might {unknown}
 g - a potion of flight {unknown}
 h - 2 potions of attraction {unknown}
 n - a potion of berserk rage {unknown}
 r - a potion of mutation {unknown}
 u - a potion of brilliance {unknown}
 v - a potion of degeneration {unknown}
 x - 3 potions of curing
 z - a potion of lignification {unknown}
 A - a potion of heal wounds {unknown}


   Skills:
 + Level 6.2 Fighting
 + Level 6.1 Ranged Weapons
 + Level 1.0 Armour
 - Level 6.0 Dodging
 - Level 1.0 Stealth
 + Level 4.4 Invocations


You had 7 spell levels left.
You didn't know any spells.
Your spell library contained the following spells:

 Spells                   Type           Power      Damage    Failure   Level
 Shock                    Conj/Air       0%         1d3       96%         1
 Ozocubu's Armour         Ice            0%         N/A       100%        3
 Swiftness                Air            0%         N/A       100%        3
 Airstrike                Air            0%         2d(0-16)  100%        4
 Ozocubu's Refrigeration  Ice            0%         4d7       100%        7


Dungeon Overview and Level Annotations

Branches:
Dungeon (7/15)             Temple (1/1) D:6

Altars:
Ashenzari
Cheibriados
Dithmenos
Hepliaklqana
Kikubaaqudgha
Makhleb
Nemelex Xobeh
Okawaru
Qazlal
Sif Muna
Trog
Uskayaw
Vehumet
Wu Jian
Xom
Yredelemnul

Shops:
D:2 [   D:5 [

Annotations:
D:3 3 runed translucent doors, wingedge's ghost, amateur DgCj
D:7 Joseph


Innate Abilities, Weirdness & Mutations

You have large cloven feet.
You have a pair of horns on your head.
You may rarely emit foul miasma when damaged in melee.
You regenerate health from kills.
Your touch may inflict minor irresistible damage on your foes.


Message History

Joseph shoots a sling bullet.
The sling bullet hits you!
Fire: a) +0 shortbow
Press: ? - help, Q - select action, (/) - cycle Shift-Dir - straight line, f/p - Joseph
Aim: Joseph, wielding a +0 sling and wearing a +0 ring mail (heavily wounded, 72% to hit)
You shoot an arrow. The arrow closely misses Joseph.
Unknown command.
Fire: a) +0 shortbow
Press: ? - help, Q - select action, (/) - cycle Shift-Dir - straight line, f/p - Joseph
Aim: Joseph, wielding a +0 sling and wearing a +0 ring mail (heavily wounded, 72% to hit)
You shoot an arrow. The arrow hits Joseph!
Joseph is severely wounded.
Joseph unwields a +0 sling.
Joseph wields a +0 quarterstaff.
Joseph barely misses you.
Fire: a) +0 shortbow
Press: ? - help, Q - select action, (/) - cycle Shift-Dir - straight line, f/p - Joseph
Aim: Joseph, wielding a +0 quarterstaff and wearing a +0 ring mail (severely wounded, 72% to hit)
You shoot an arrow.
The arrow hits Joseph but does no damage.
Joseph is severely wounded.
Joseph hits you with a +0 quarterstaff!
* * * LOW HITPOINT WARNING * * *
Joseph hits you with a +0 quarterstaff!
* * * LOW HITPOINT WARNING * * *
Fire: a) +0 shortbow
Press: ? - help, Q - select action, (/) - cycle Shift-Dir - straight line, f/p - Joseph
Aim: Joseph, wielding a +0 quarterstaff and wearing a +0 ring mail (severely wounded, 72% to hit)
You shoot an arrow.
The arrow hits Joseph but does no damage.
Joseph is severely wounded.
Joseph hits you with a +0 quarterstaff!
* * * LOW HITPOINT WARNING * * *
It was a potion of curing.
You feel better. Joseph hits you with a +0 quarterstaff.
* * * LOW HITPOINT WARNING * * *
Fire: a) +0 shortbow
Press: ? - help, Q - select action, (/) - cycle Shift-Dir - straight line, f/p - Joseph
Aim: Joseph, wielding a +0 quarterstaff and wearing a +0 ring mail (severely wounded, 72% to hit)
You shoot an arrow. The arrow closely misses Joseph.
Joseph closely misses you. Joseph hits you with a +0 quarterstaff!
You die...

.. #.#
##.##.#
##...#)#
#......#
#......#
#......#
#...#@#
#.#####.##@#
...........#
#.#####.####
#.# #)# ..
#.# #.##.#
#..)[#####.#
###.<).....#
#....#######


You could see Joseph.

Vanquished Creatures
  Prince Ribbit (D:6)
  A steam dragon (D:6)
  A sky beast (D:6)
  3 ogres
  A phantom (D:6)
  A kobold brigand (D:6)
  A howler monkey (D:6)
  A crimson imp (D:4)
  A gnoll bouda (D:6)
  6 hounds
  3 orc priests
  A jelly (D:5)
  3 iguanas
  3 orc wizards
  5 gnolls (D:6)
  4 adders
  A shadow imp (D:5)
  2 white imps
  An ufetubus (D:5)
  A worm (D:2)
  6 dart slugs
  15 orcs
  6 ball pythons
  5 bats
  7 endoplasms
  A giant cockroach (D:3)
  2 hobgoblins
  6 jackals (D:2)
  9 kobolds
  4 quokkas
  4 frilled lizards
  6 goblins
  6 rats
118 creatures vanquished.

Vanquished Creatures (others)
  A fungus (D:3)
  5 plants
6 creatures vanquished.

Grand Total: 124 creatures vanquished

Notes
Turn   | Place    | Note
-------+----------+-------------------------------------------
     0 | D:1      | Thatpatchoflichen the Demonspawn Hunter began the quest for
                  | the Orb.
     0 | D:1      | Reached XP level 1. HP: 16/16 MP: 1/1
    25 | D:1      | Reached skill level 1 in Stealth
   313 | D:1      | Discovered your monstrous ancestry.
   313 | D:1      | Gained mutation: You have a pair of small horns on your
                  | head. [demonic ancestry]
   313 | D:1      | Reached XP level 2. HP: 22/22 MP: 2/2
   601 | D:1      | Found a faded altar of an unknown god.
   750 | D:1      | You fall into a shaft and drop 1 floor!
   817 | D:1      | Gained mutation: You may rarely emit foul miasma when
                  | damaged in melee. [demonic ancestry]
   817 | D:1      | Reached XP level 3. HP: 28/28 MP: 3/3
  1272 | D:2      | Found Wereir's Antique Armour Boutique.
  1631 | D:2      | Gained mutation: You have a pair of horns on your head.
                  | [demonic ancestry]
  1631 | D:2      | Reached XP level 4. HP: 37/37 MP: 4/4
  2093 | D:3      | Identified the +1 pair of boots of Wonder {Str-2 Dex+4
                  | Stlth+}
  2167 | D:3      | Found a burning altar of Makhleb.
  2294 | D:3      | Gained mutation: You have large cloven feet. [demonic
                  | ancestry]
  2294 | D:3      | Reached XP level 5. HP: 13/42 MP: 5/5
  2592 | D:3      | Found a runed translucent gate.
  2594 | D:3      | Found a runed translucent gate.
  2595 | D:3      | Found a runed translucent gate.
  2597 | D:3      | Noticed wingedge's ghost (amateur DgCj)
  3496 | D:4      | Noticed an ogre
  3501 | D:4      | Killed an ogre
  3502 | D:4      | Gained mutation: You regenerate a little health from kills.
                  | [demonic ancestry]
  3502 | D:4      | Reached XP level 6. HP: 48/48 MP: 6/6
  3941 | D:4      | Reached skill level 5 in Dodging
  4423 | D:5      | Entered Level 5 of the Dungeon
  4423 | D:5      | Found Duyweuw's Antique Armour Shop.
  4537 | D:5      | Gained mutation: You regenerate health from kills. [demonic
                  | ancestry]
  4537 | D:5      | Reached XP level 7. HP: 54/54 MP: 7/7
  5227 | D:5      | Found a shimmering blue altar of Sif Muna.
  5378 | D:6      | Found a staircase to the Ecumenical Temple.
  5392 | Temple   | Entered the Ecumenical Temple
  5657 | Temple   | Became a worshipper of Warmaster Okawaru
  5719 | D:6      | Reached skill level 1 in Invocations
  5876 | D:6      | Noticed Prince Ribbit
  5907 | D:6      | Killed Prince Ribbit
  5907 | D:6      | Reached * piety under Okawaru
  5908 | D:6      | Reached skill level 5 in Fighting
  6149 | D:6      | Reached skill level 5 in Ranged Weapons
  6149 | D:6      | Gained mutation: Your touch may inflict minor irresistible
                  | damage on your foes. [demonic ancestry]
  6149 | D:6      | Reached XP level 8. HP: 37/62 MP: 5/10
  6700 | D:6      | Found a radiant altar of Vehumet.
  7646 | D:6      | Reached skill level 1 in Armour
  7691 | D:7      | Noticed Joseph
  7702 | D:7      | HP: 1/64 [Joseph/+0 quarterstaff (7)]
  7704 | D:7      | Mangled by Joseph

Illustrated notes

Levels and vault maps discovered:
D:1:      nzn_arrival_water_spiral, layout_basic,
          hellmonk_ecumenical_altar_leap_of_faith, item_on_display_b
D:2:      layout_loops_ring, serial_shops, nicolae_shop_crystal,
          kennysheep_flooded_box
D:3:      cheibrodos_pilgrimage, layout_loops_corners, lightli_temple_of_fire,
          gammafunk_ghost_nasty_kobolds
D:4:      layout_cave_pods, kennysheep_donut, minmay_fire_ice_demons
D:5:      layout_basic, lemuel_blue_sif_altar, serial_shops,
          nicolae_stop_n_shop_1, chequers_serial_rivers_micro_c
D:6:      layout_basic, nicolae_vehumet_altar_sigil,
          minmay_temple_entry_statues_fountains, uniq_prince_ribbit1
D:7:      layout_loops_ring, mainiacjoe_overflow_alcove_2, serial_shops,
          nicolae_shop_overgrown_old_shop, uniq_joseph
Temple:   nicolae_temple_slightly_damp_pantheon

Skill      XL: |  1  2  3  4  5  6  7  8 |
---------------+-------------------------+-----
Stealth        | 1 |  1.0
Dodging        | 2 3 4 5 6 |  6.0
Ranged Weapons | 4 5 6 |  6.1
Fighting       | 3 4 5 6 |  6.2
Invocations    | 3 4 |  4.4
Armour         | 1 |  1.0

Action                   |  1- 3 |  4- 6 |  7- 9 || total
-------------------------+-------+-------+-------++-------
 Fire: Shortbow          |   123 |   110 |   195 ||   428
  Use: Potion            |       |       |     1 ||     1
Armor: Leather armour    |    11 |    11 |    28 ||    50
       Scale mail        |       |       |     3 ||     3
Dodge: Dodged            |    48 |    31 |   130 ||   209
